 Dungeon Crawl Stone Soup version 0.25-a0-36-g303dd5b1f4 (webtiles) character file.

Game seed: 2865411160509453318, levelgen mode: deterministic

102070 Fingolfin the Fighter (level 15, -4/156 HPs)
             Began as a Troll Monk on Oct 19, 2019.
             Was the Champion of Okawaru.
             Killed from afar by a fire dragon (35 damage)
             ... with a blast of flame
             ... on level 14 of the Dungeon on Oct 20, 2019.
             The game lasted 01:27:08 (22736 turns).

Fingolfin the Fighter (Troll Monk)                 Turns: 22736, Time: 01:27:08

Health: -4/156     AC: 25    Str: 27    XL:     15   Next: 85%
Magic:  22/22      EV: 19    Int:  7    God:    Okawaru [******]
Gold:   2548       SH:  0    Dex: 12    Spells: 18/22 levels left

rFire    . . .     SeeInvis +   X - +5 broad axe (elec)
rCold    . . .     Gourm    +   (no shield)
rNeg     . . .     Faith    .   R - +3 shadow dragon scales
rPois    .         Spirit   .   v - +2 hat {SInv}
rElec    .         Reflect  .   p - +2 cloak
rCorr    .         Harm     .   (gloves unavailable)
MR       +....                  (boots unavailable)
Stlth    +++.......             o - amulet of regeneration
HPRegen  1.16/turn              K - +4 ring of evasion
MPRegen  0.18/turn              S - +5 ring of evasion

@: slowed, very slow
A: large, unfitting armour, claws 3, fast metabolism 3, gourmand, regeneration
1, shaggy fur 1, tough skin 3
a: Heroism, Finesse, Renounce Religion


You were on level 14 of the Dungeon.
You worshipped Okawaru.
Okawaru was exalted by your worship.
You were very full.

You visited 3 branches of the dungeon, and saw 22 of its levels.
You also visited: Sewer and Gauntlet.

You collected 2790 gold pieces.
You spent 242 gold pieces at shops.

Inventory:

Hand Weapons
 X - a +5 broad axe of electrocution (weapon)
Missiles
 e - 5 silver javelins
 l - 27 large rocks
 w - 5 boomerangs of dispersal
 x - 77 poisoned darts
 E - 22 boomerangs
 G - 40 javelins (quivered)
 Q - 12 curare-tipped darts
 T - 10 atropa-tipped darts
 Z - 4 datura-tipped darts
Armour
 p - a +2 cloak (worn)
 v - a +2 hat of see invisible (worn)
 R - +3 shadow dragon scales (worn)
Jewellery
 f - an uncursed ring of resist corrosion
 m - an uncursed ring of protection from fire
 o - an amulet of regeneration (around neck)
 y - an uncursed ring of ice
 H - an uncursed ring of protection from fire
 I - the ring of Sovereignty {+Fly rN+}
   (You found it on level 12 of the Dungeon)

   [ring of flight]

   It protects you from negative energy.
   It lets you fly.
 K - a +4 ring of evasion (left claw)
 S - a +5 ring of evasion (right claw)
 V - an uncursed ring of protection from magic
Wands
 q - a wand of acid (4)
 u - a wand of digging (6)
 C - a wand of enslavement (3)
 F - a wand of paralysis (11)
 O - a wand of iceblast (14)
 U - a wand of polymorph (13)
Scrolls
 b - 14 scrolls of remove curse
 j - 3 scrolls of fear
 k - 5 scrolls of blinking
 n - 9 scrolls of teleportation
 r - 6 scrolls of magic mapping
 J - 4 scrolls of fog
 N - 2 scrolls of holy word
 W - a scroll of identify
Potions
 g - 10 potions of curing
 h - 6 potions of heal wounds
 i - 3 potions of mutation
 s - 4 potions of flight
 t - 3 potions of lignification
 z - 3 potions of resistance
 B - a potion of might
 D - 2 potions of berserk rage
 M - a potion of invisibility
 P - 3 potions of agility
 Y - a potion of cancellation {unknown}
Miscellaneous
 a - a phial of floods
 A - a box of beasts
 L - a lightning rod (4/4)
Comestibles
 d - 57 rations


   Skills:
 - Level 12.0 Fighting
 - Level 8.0 Axes
 - Level 6.3 Throwing
 - Level 8.0 Armour
 - Level 8.0 Dodging
 - Level 1.0 Stealth
 - Level 6.1 Unarmed Combat
 - Level 4.0 Spellcasting
 - Level 4.0 Necromancy
 - Level 4.0 Translocations
 - Level 4.0 Transmutations
 + Level 10.7 Invocations
 - Level 6.1 Evocations


You had 18 spell levels left.
You knew the following spells:

 Your Spells              Type           Power        Failure   Level  Hunger
a - Animate Skeleton      Necr           N/A          28%         1    ##.....
b - Sticks to Snakes      Tmut           #.......     41%         2    ###....
t - Apportation           Tloc           #.....       28%         1    ##.....

Your spell library contained the following spells:

 Spells                   Type           Power        Failure   Level  Hunger
 Beastly Appendage        Tmut           #.....       28%         1    ##.....
 Corpse Rot               Necr           N/A          41%         2    ###....
 Lesser Beckoning         Tloc           #.........   65%         3    ####...
 Confusing Touch          Hex            #.....       83%         1    ##.....
 Flame Tongue             Conj/Fire      #....        83%         1    ##.....
 Summon Butterflies       Summ           #.......     83%         1    ##.....
 Summon Small Mammal      Summ           #...         83%         1    ##.....
 Spider Form              Tmut/Pois      #.........   89%         3    ####...
 Call Canine Familiar     Summ           #.......     99%         3    ####...
 Static Discharge         Conj/Air       #.......     99%         3    ####...
 Stone Arrow              Conj/Erth      #.....       99%         3    ####...
 Tukima's Dance           Hex            #.......     99%         3    ####...
 Force Lance              Conj/Tloc      #.......     100%        4    #####..
 Ice Form                 Ice/Tmut       #.......     100%        4    #####..
 Leda's Liquefaction      Hex/Erth       #.........   100%        4    #####..
 Summon Ice Beast         Ice/Summ       #.......     100%        4    #####..
 Alistair's Intoxication  Tmut/Pois      #.......     100%        5    ######.
 Blade Hands              Tmut           #.........   100%        5    ######.
 Bolt of Magma            Conj/Fire/Erth #.........   100%        5    ######.
 Fireball                 Conj/Fire      #.........   100%        5    ######.
 Iskenderun's Battlesphe  Conj/Chrm      #.......     100%        5    ######.
 Summon Forest            Summ/Tloc      #.........   100%        5    ######.
 Summon Mana Viper        Hex/Summ       #.......     100%        5    ######.
 Venom Bolt               Conj/Pois      #.........   100%        5    ######.
 Hydra Form               Tmut           #.........   100%        6    #######
 Invisibility             Hex            #.......     100%        6    #######
 Iron Shot                Conj/Erth      #.........   100%        6    #######
 Orb of Destruction       Conj           #.........   100%        7    #######
 Spellforged Servitor     Conj/Summ      #.........   100%        7    #######
 Summon Hydra             Summ           #.........   100%        7    #######


Dungeon Overview and Level Annotations

Branches:
Dungeon (14/15)            Temple (0/1) D:6            Lair (6/6) D:11
  Swamp (0/4) Lair:4        Snake (0/4) Lair:4        Slime (0/5) Lair:5
    Orc (2/2) D:12            Elf (0/3) Orc:2         Sewer (visited)
Gauntlet (visited)
 Vaults: D:13-14

Altars:
Kikubaaqudgha
Makhleb
Nemelex Xobeh
Okawaru
Qazlal
Sif Muna
Vehumet
Xom
Yredelemnul
The Shining One
Beogh
Jiyva

Shops:
D:4 ?   D:9 %   Orc:2 %==[=

Annotations:
Lair:4 exclusion: 2 oklob plants


Innate Abilities, Weirdness & Mutations

You are too large for most types of armour.
You have claws for hands.
Your metabolism is lightning-fast.
You like to eat raw meat.
Your natural rate of healing is unusually fast.
You are covered in fur. (AC +1)
You have extremely tough skin. (AC +3)


Message History

The fire dragon claws you but does no damage.
The fire dragon misses you. The fire dragon completely misses you.
The fire dragon claws you but does no damage.
The fire dragon misses you.
You barely miss the fire dragon.
The fire dragon is almost dead.
The fire dragon breathes flames at you. The blast of flame hits you!!
* * * LOW HITPOINT WARNING * * *
The fire dragon closely misses you. The fire dragon barely misses you.
The fire dragon tramples you.
* * * LOW HITPOINT WARNING * * *
You hold your ground!
You hit the fire dragon.
The fire dragon is almost dead.
The fire dragon bites you but does no damage.
The fire dragon completely misses you. The fire dragon misses you.
The fire dragon breathes flames at you. The blast of flame hits you!!
You die...

..........+...######.((......#
.....###+##..........).(.....#
..........................)..#
.......#.##
###................ .......+
................... .......#
#####.............. .......#
...#.............. .......#
#.D#...##+#+#.#+## .......#.#
#@.#...# .# .........# #..#..
.# .........#######..#
..................#
.........##...#####.#
....................#
.........#####..+...#
.........# #..#####.
####.....# #........


You could see a fire dragon.

Vanquished Creatures
  The ghost of Azzok the Eclecticist, a journeyman DEEE of Vehumet (Orc:2)
  A minotaur (Gauntlet)
  An ettin (Orc:1)
  A death ooze (Gauntlet)
  2 ogre magi (Orc:2)
  A fire dragon (Lair:6)
  Erolcha (D:9)
  The ghost of vurker the Sharpshooter, a journeyman KoHu of Okawaru (Lair:1)
  7 hydras
  A centaur warrior (D:13)
  13 two-headed ogres
  A catoblepas (D:13)
  A dancing weapon (Lair:1)
  10 death yaks
  A tengu warrior (D:14)
  An orc high priest (Orc:1)
  A shadow wraith (D:14)
  2 deep trolls (Orc:2)
  2 unseen horrors
  2 swamp dragons (Lair:4)
  5 orc knights
  A wizard (D:14)
  2 lindwurms
  An ugly thing (D:13)
  3 orc sorcerers
  A deep elf mage (D:10)
  4 cyclopes
  Maurice (D:9)
  23 elephants
  8 black mambas
  4 torpor snails
  3 molten gargoyles (Lair:6)
  11 spiny frogs
  A gargoyle (D:10)
  3 centaur skeletons
  10 komodo dragons
  A minotaur zombie (Gauntlet)
  14 trolls
  9 slime creatures
  3 polar bears
  Prince Ribbit (D:9)
  3 hornets
  3 tyrant leeches
  16 blink frogs
  15 hippogriffs
  3 wraiths
  2 shadows
  4 water elementals (D:10)
  8 wyverns
  2 humans
  3 hogs (D:7)
  26 yaks
  2 vampires
  4 fire bats (D:12)
  4 basilisks
  2 hungry ghosts
  6 wargs
  A steam dragon (Lair:6)
  5 vampire mosquitoes
  Menkaure (D:5)
  7 swamp worms
  Edmund (D:4)
  A soldier ant (D:13)
  9 water moccasins
  4 hell hounds
  16 porcupines
  2 swamp drakes (Lair:4)
  3 black bears
  25 orc warriors
  A black bear (shapeshifter) (D:13)
  3 ice beasts
  4 sky beasts
  3 phantoms
  25 ogres
  2 eyes of draining
  7 wolves
  5 centaurs
  12 crocodiles
  6 big kobolds
  17 bullfrogs
  A wyvern zombie (D:12)
  9 scorpions
  33 killer bees
  3 wights (D:7)
  8 howler monkeys
  2 crimson imps
  7 lava snakes
  5 centaur zombies
  2 bullfrog zombies (D:5)
  2 hounds
  26 orc wizards
  Crazy Yiuf (D:2)
  A bullfrog skeleton (D:10)
  2 gnoll shamans
  22 orc priests
  4 jellies
  Terence (D:2)
  4 iguanas
  5 worker ants
  Ijyb (D:3)
  3 hell rats (Lair:6)
  A killer bee zombie (D:5)
  A centaur simulacrum (D:10)
  A hound zombie (D:10)
  A mummy (D:5)
  A howler monkey zombie (D:10)
  18 gnolls
  13 adders
  3 howler monkey skeletons
  8 river rats
  2 shadow imps
  An ooze (D:3)
  An adder skeleton (D:6)
  2 worms
  5 dart slugs
  5 leopard geckos
  109 orcs
  6 giant cockroaches
  29 goblins
  36 hobgoblins
  10 jackals
  23 kobolds
  7 quokkas
  A ball python (D:3)
  A ball python skeleton (D:5)
  11 bats
  4 frilled lizards
  A jackal skeleton (D:5)
  A quokka skeleton (D:5)
  12 rats
  2 fungi (Lair:6)
  3 plants
884 creatures vanquished.

Vanquished Creatures (collateral kills)
  A queen bee (Lair:1)
  3 killer bees (Lair:1)
4 creatures vanquished.

Vanquished Creatures (others)
  A killer bee (Lair:1)
  2 orc wizards
  A bush (Lair:6)
  3 fire vortices (D:12)
  2 fungi
  6 plants
15 creatures vanquished.

Grand Total: 903 creatures vanquished

Notes
Turn   | Place    | Note
-------+----------+-------------------------------------------
     0 | D:1      | Fingolfin the Troll Monk began the quest for the Orb.
     0 | D:1      | Reached XP level 1. HP: 22/22 MP: 0/0
   387 | D:1      | Reached skill level 3 in Fighting
   387 | D:1      | Reached XP level 2. HP: 31/31 MP: 1/1
   849 | D:2      | Noticed Terence
   864 | D:2      | Killed Terence
   864 | D:2      | Reached XP level 3. HP: 30/39 MP: 2/2
   890 | D:2      | Reached skill level 4 in Fighting
   991 | D:2      | Reached XP level 4. HP: 48/48 MP: 3/3
  1376 | D:2      | Found a runed translucent door.
  1377 | D:2      | Noticed Crazy Yiuf
  1385 | D:2      | Killed Crazy Yiuf
  1385 | D:2      | Reached XP level 5. HP: 51/55 MP: 4/4
  1624 | D:3      | Noticed Ijyb
  1634 | D:3      | Killed Ijyb
  1634 | D:3      | Reached skill level 5 in Fighting
  2052 | D:3      | Reached XP level 6. HP: 49/67 MP: 5/5
  2062 | D:3      | Reached skill level 6 in Fighting
  2137 | D:3      | Reached XP level 7. HP: 53/76 MP: 6/6
  2304 | D:3      | Reached skill level 7 in Fighting
  3048 | D:4      | Noticed Edmund
  3074 | D:4      | Killed Edmund
  3120 | D:4      | Found a burning altar of Makhleb.
  3120 | D:4      | Found an iron altar of Okawaru.
  3124 | D:4      | Became a worshipper of Warmaster Okawaru
  3124 | D:4      | Reached * piety under Okawaru
  3124 | D:4      | Reached ** piety under Okawaru
  3140 | D:4      | Found Loxtim's Magic Scroll Boutique.
  3157 | D:4      | Bought a scroll of identify for 22 gold pieces
  3157 | D:4      | Bought a scroll of remove curse for 33 gold pieces
  3157 | D:4      | Bought a scroll of identify for 22 gold pieces
  3157 | D:4      | Bought a scroll of identify for 22 gold pieces
  3157 | D:4      | Bought a scroll of teleportation for 33 gold pieces
  3157 | D:4      | Bought a scroll of identify for 22 gold pieces
  3157 | D:4      | Bought a scroll of identify for 22 gold pieces
  3157 | D:4      | Bought a scroll of identify for 22 gold pieces
  3157 | D:4      | Bought a scroll of identify for 22 gold pieces
  3157 | D:4      | Bought a scroll of identify for 22 gold pieces
  3421 | D:4      | Reached skill level 1 in Invocations
  3514 | D:4      | Reached skill level 8 in Fighting
  3514 | D:4      | Reached XP level 8. HP: 88/88 MP: 8/8
  3774 | D:5      | Entered Level 5 of the Dungeon
  3826 | D:5      | Found a basalt altar of Yredelemnul.
  3828 | D:5      | Noticed Menkaure
  3835 | D:5      | Found a transporter.
  3968 | D:5      | Found a transporter.
  4181 | D:5      | Found an ancient bone altar of Kikubaaqudgha.
  4430 | D:5      | Reached skill level 5 in Invocations
  4849 | D:6      | Reached *** piety under Okawaru
  4938 | D:6      | Found a staircase to the Ecumenical Temple.
  5024 | D:6      | Found a glowing drain.
  5037 | Sewer    | Entered a sewer
  5061 | Sewer    | Reached skill level 1 in Armour
  5277 | D:6      | Found a radiant altar of Vehumet.
  5386 | D:6      | Found a stormy altar of Qazlal.
  5387 | D:6      | Noticed an air elemental
  5609 | D:6      | Reached XP level 9. HP: 88/96 MP: 12/12
  5794 | D:7      | Noticed a troll
  5811 | D:7      | Killed a troll
  5869 | D:7      | Reached **** piety under Okawaru
  5994 | D:7      | Reached skill level 5 in Unarmed Combat
  6225 | D:7      | Reached skill level 1 in Evocations
  6437 | D:8      | Reached XP level 10. HP: 98/104 MP: 13/13
  6561 | D:5      | Killed Menkaure
  6572 | D:5      | Reached ***** piety under Okawaru
  6595 | D:5      | Got a dazzling arbalest
  6600 | D:5      | Identified the +3 arbalest "Juemed" {freeze, Str+3 Dex+4
                  | Stlth+} (You found it on level 5 of the Dungeon)
  7288 | D:8      | Found a shimmering blue altar of Sif Muna.
  7409 | D:8      | Found a sparkling altar of Nemelex Xobeh.
  7672 | D:9      | Found Veulyx Efefu's Food Shop.
  7799 | D:9      | Reached skill level 5 in Evocations
  7812 | D:9      | Noticed Erolcha
  7829 | D:9      | Killed Erolcha
  7901 | D:9      | Noticed Prince Ribbit
  7937 | D:9      | Killed Prince Ribbit
  7937 | D:9      | Reached skill level 1 in Throwing
  8220 | D:9      | Received a gift from Okawaru
  8240 | D:9      | Got an ebony glaive {god gift}
  8241 | D:9      | Identified the +10 glaive of Okawaru's Hope {antimagic,
                  | Fragile rPois Dex+6} (Okawaru gifted it to you on level 9
                  | of the Dungeon)
  8260 | D:9      | Found a roughly hewn altar of Beogh.
  8408 | D:9      | Noticed Maurice
  8433 | D:9      | Found a shimmering altar of Xom.
  8510 | D:9      | Found Veulyx Efefu's Food Shop.
  8534 | D:9      | Found a roughly hewn altar of Beogh.
  8929 | D:9      | Found a shimmering altar of Xom.
  8954 | D:9      | Found Veulyx Efefu's Food Shop.
  8984 | D:9      | Killed Maurice
  9081 | D:9      | Found a roughly hewn altar of Beogh.
  9229 | D:10     | Entered Level 10 of the Dungeon
  9243 | D:10     | Noticed a two-headed ogre
  9261 | D:10     | Reached XP level 11. HP: 94/111 MP: 6/14
  9273 | D:10     | Killed a two-headed ogre
  9273 | D:10     | Reached skill level 5 in Throwing
  9369 | D:10     | Noticed a two-headed ogre
  9390 | D:10     | Killed a two-headed ogre
  9590 | D:10     | Received a gift from Okawaru
  9739 | D:10     | Noticed a two-headed ogre
  9746 | D:10     | Killed a two-headed ogre
  9778 | D:10     | Reached skill level 9 in Fighting
  9832 | D:10     | Noticed a deep elf mage
  9837 | D:10     | Killed a deep elf mage
 10497 | D:11     | Received a gift from Okawaru
 10598 | D:11     | Found a staircase to the Lair.
 10615 | D:11     | Reached skill level 10 in Fighting
 10796 | D:11     | Noticed a two-headed ogre
 10810 | D:11     | Killed a two-headed ogre
 11038 | D:11     | Reached XP level 12. HP: 124/128 MP: 15/15
 11298 | D:11     | Noticed a two-headed ogre
 11309 | D:11     | Killed a two-headed ogre
 11309 | D:11     | Reached skill level 11 in Fighting
 11402 | Lair:1   | Entered Level 1 of the Lair of Beasts
 11414 | Lair:1   | Learned a level 1 spell: Apportation
 11416 | Lair:1   | Learned a level 1 spell: Animate Skeleton
 11419 | Lair:1   | Learned a level 2 spell: Sticks to Snakes
 11453 | Lair:1   | Reached ****** piety under Okawaru
 11453 | Lair:1   | Received a gift from Okawaru
 11570 | Lair:1   | Reached skill level 1 in Necromancy
 11575 | Lair:1   | Reached skill level 1 in Translocations
 11585 | Lair:1   | Reached skill level 1 in Transmutations
 11683 | Lair:1   | Found a runed translucent door.
 11683 | Lair:1   | Found a shimmering altar of Xom.
 11683 | Lair:1   | Noticed vurker's ghost (journeyman KoHu)
 11684 | Lair:1   | Found the +5 demon whip "Spellbinder" {antimagic, MR+}
 11687 | Lair:1   | Paralysed by a +0 hand axe of chaos for 5 turns
 11698 | Lair:1   | Reached skill level 1 in Spellcasting
 11710 | Lair:1   | Killed vurker's ghost
 11710 | Lair:1   | Received a gift from Okawaru
 12325 | Lair:2   | Found a gate leading to a gauntlet.
 12337 | Gauntlet | Entered a Gauntlet
 12337 | Gauntlet | Found a transporter.
 12337 | Gauntlet | Found a transporter.
 12339 | Gauntlet | Found a transporter.
 12342 | Gauntlet | Found a transporter.
 12355 | Gauntlet | Noticed a death ooze
 12359 | Gauntlet | Found a transporter.
 12376 | Gauntlet | Killed a death ooze
 12387 | Gauntlet | Found a runed translucent door.
 12388 | Gauntlet | Found a transporter.
 12389 | Gauntlet | Found a runed translucent door.
 12402 | Gauntlet | Found a transporter.
 12402 | Gauntlet | Found a transporter.
 12436 | Gauntlet | Found a transporter.
 12452 | Gauntlet | Found a transporter.
 12454 | Gauntlet | Found a transporter.
 12455 | Gauntlet | Found a transporter.
 12480 | Gauntlet | Received a gift from Okawaru
 12517 | Gauntlet | Identified the ring "Voullafar" {*Tele rF+ rC+ Int+4}
 12517 | Gauntlet | Noticed a minotaur
 12535 | Gauntlet | Killed a minotaur
 12541 | Gauntlet | Identified the Volume of Confrontation
 12542 | Gauntlet | Found the +8 demon blade "Bloodbane" {slice, *Rage +Rage
                  | Stlth-}
 12720 | Lair:2   | Received a gift from Okawaru
 13032 | Lair:2   | Received a gift from Okawaru
 13041 | Lair:2   | Noticed a four-headed hydra
 13055 | Lair:2   | Killed a four-headed hydra
 13061 | Lair:2   | Reached XP level 13. HP: 111/139 MP: 9/16
 14490 | Lair:3   | Reached skill level 12 in Fighting
 14704 | Lair:4   | Identified a scroll of acquirement
 15013 | Lair:4   | Found a staircase to the Snake Pit.
 15069 | Lair:4   | Received a gift from Okawaru
 15597 | Lair:4   | Reached skill level 5 in Armour
 15613 | Lair:4   | Reached skill level 5 in Dodging
 15872 | Lair:4   | Received a gift from Okawaru
 16121 | Lair:4   | Found a staircase to the Swamp.
 16367 | Lair:5   | Received a gift from Okawaru
 16519 | Lair:5   | Found a viscous altar of Jiyva.
 16519 | Lair:5   | Found a staircase to the Slime Pits.
 16868 | Lair:5   | Found a radiant altar of Vehumet.
 17025 | Lair:5   | Reached XP level 14. HP: 149/149 MP: 19/19
 17291 | Lair:6   | Entered Level 6 of the Lair of Beasts
 17399 | Lair:6   | Received a gift from Okawaru
 17496 | Lair:6   | Reached skill level 1 in Axes
 18070 | Lair:6   | Found a large runed translucent door.
 18163 | Lair:6   | Received a gift from Okawaru
 18371 | Lair:6   | Found a large runed translucent door.
 18493 | Lair:6   | Reached skill level 5 in Axes
 19069 | D:11     | Upgraded the game from 0.25-a0-35-g747a2b3c0c to
                  | 0.25-a0-36-g303dd5b1f4
 19192 | D:12     | Found a staircase to the Orcish Mines.
 19612 | D:12     | Got a crude silver ring
 19614 | D:12     | Identified the ring of Sovereignty {+Fly rN+} (You found it
                  | on level 12 of the Dungeon)
 19646 | D:12     | Received a gift from Okawaru
 20046 | Orc:1    | Entered Level 1 of the Orcish Mines
 20057 | Orc:1    | Reached XP level 15. HP: 113/156 MP: 17/20
 20225 | Orc:2    | Entered Level 2 of the Orcish Mines
 20615 | Orc:1    | Received a gift from Okawaru
 20793 | Orc:2    | Found a runed translucent gate.
 20796 | Orc:2    | Found a runed translucent gate.
 20817 | Orc:2    | Received a gift from Okawaru
 20824 | Orc:2    | Found a runed translucent gate.
 20830 | Orc:2    | Found Arucux Zidys's Food Boutique.
 20852 | Orc:2    | Found Esosecw's Jewellery Shoppe.
 20896 | Orc:2    | Noticed Azzok's ghost (journeyman DEEE)
 20944 | Orc:2    | Found Erauq Syi's Antique Armour Shop.
 20945 | Orc:2    | Found Vedo's Jewellery Shop.
 20989 | Orc:2    | Killed Azzok's ghost
 21182 | Orc:2    | Found a staircase to the Elven Halls.
 21322 | Orc:2    | Found Quishei's Jewellery Emporium.
 21734 | D:13     | Paralysed by a hornet for 1 turns
 21738 | D:13     | Paralysed by a hornet for 1 turns
 22067 | D:13     | Reached skill level 10 in Invocations
 22184 | D:13     | Found a glowing golden altar of the Shining One.
 22526 | D:14     | Received a gift from Okawaru
 22736 | D:14     | Killed from afar by a fire dragon

Levels and vault maps discovered:
D:1:      kennysheep_arrival_forest, layout_basic
D:2:      minmay_inner_zag, layout_rooms, nrook_mini_backslash,
          hangedman_decor_clover_reticule, minmay_misc_feat_roman,
          uniq_crazy_yiuf_cottage, uniq_terence
D:3:      minmay_goblin_kobold_castle, layout_basic, minmay_checkerbox,
          uniq_ijyb
D:4:      layout_basic, gammafunk_temple_overflow_wave, serial_shops,
          shop_statue, minmay_statues_item, uniq_edmund
D:5:      layout_loops_corners, gammafunk_temple_of_torment, first_ration,
          uniq_menkaure
D:6:      layout_loops_cross, vehumet_crystals, minmay_temple_entry_sparse_star,
          portal_sewer_entry_e, nicolae_qazlal_style_of_elements
D:7:      layout_rooms, grunt_livestock
D:8:      layout_gridville, marbit_many_paths, nemelex_diamond_rough_becter
D:9:      layout_roguey [special_room_orc], kennysheep_little_box, serial_shops,
          shop_statue, uniq_maurice, uniq_erolcha, uniq_prince_ribbit1
D:10:     minmay_the_grid_triangle_9x9_recursive_2_mashed
          [minmay_the_grid_triangle_9x9_prize_top_heavy,
          minmay_the_grid_triangle_9x9_flanged_cone,
          minmay_the_grid_triangle_9x9_intruding_spiral,
          minmay_the_grid_triangle_9x9_steps], layout_long_grid,
          nicolae_underground_beach
D:11:     layout_stronghold, david_lair_generic
D:12:     layout_cave_pods, erik_orc_4, hangedman_incinerator
D:13:     layout_cave_pools, nicolae_tso_carved_into_rock
D:14:     layout_irregular_city, david_vaults_4, serial_column_ruins,
          column_ruins_temple_circle, column_ruins_columns_straight,
          column_ruins_open_medium, column_ruins_open_small,
          column_ruins_open_tiny, column_ruins_corridor_corner,
          column_ruins_open_small, minmay_misc_feat_more_columns
Lair:1:   layout_misc_corridors, special_room [special_room_bee],
          ebering_ghost_xom
Lair:2:   layout_cave_pods, gauntlet_entry_generic, serial_bayou_shore_b
Lair:3:   layout_big_grid, grunt_forest_large_clearing_hut, grunt_megastairs_5
Lair:4:   onia_ninara_swampy_vault, layout_regular_city,
          minmay_swamp_entry_worms, dummy_snake_entry, minmay_lair_oklob_chamber
Lair:5:   cheibrodos_lair_overgrown_chateau, layout_regular_city,
          dpeg_slime_entry_enclosed_altar, basic_altar,
          chequers_serial_rivers_micro_c, nicolae_quartered_pool_super,
          serial_bayou_shore_b
Lair:6:   cheibrodos_lair_end_hotspot, layout_small_grid,
          kennysheep_abandoned_house
Orc:1:    layout_caves
Orc:2:    st_orc_open, layout_diamond_mine, serial_shops, shop,
          ebering_ghost_rock_garden

Skill      XL: |  1  2  3  4  5  6  7  8  9 10 11 12 13 14 15 |
---------------+----------------------------------------------+-----
Fighting       | 3 4 5 6 8 10 11 12 | 12.0
Invocations    | 1 6 10 | 10.7
Armour         | 1 4 6 8 |  8.0
Dodging        | 4 6 8 |  8.0
Unarmed Combat | 6 |  6.1
Evocations     | 1 6 |  6.1
Throwing       | 4 6 |  6.3
Necromancy     | 3 4 |  4.0
Translocations | 3 4 |  4.0
Transmutations | 3 4 |  4.0
Spellcasting   | 2 4 |  4.0
Axes           | 6 8 |  8.0
Stealth        | |  1.0

Action                   |  1- 3 |  4- 6 |  7- 9 | 10-12 | 13-15 || total
-------------------------+-------+-------+-------+-------+-------++-------
Melee: Unarmed           |    56 |   186 |   533 |   903 |   480 ||  2158
       Punch             |       |     4 |     8 |    37 |    55 ||   104
       Glaive            |       |       |       |     1 |       ||     1
       Broad axe         |       |       |       |       |   842 ||   842
Throw: Stone             |       |       |     1 |     3 |     7 ||    11
       Boomerang         |       |       |       |    38 |    15 ||    53
       Javelin           |       |       |       |     5 |    58 ||    63
 Cast: Apportation       |       |       |       |       |     8 ||     8
Invok: Heroism           |       |       |       |    10 |    18 ||    28
       Finesse           |       |       |       |     5 |     2 ||     7
Evoke: Wand              |       |       |       |     1 |     2 ||     3
       Phial of floods   |       |       |       |     1 |       ||     1
  Use: Scroll            |       |       |    12 |    12 |    12 ||    36
 Stab: Sleeping          |     3 |     3 |     6 |     3 |     6 ||    21
       Distracted        |       |       |       |       |     1 ||     1
       Petrified         |       |       |       |       |     8 ||     8
       Paralysed         |       |       |       |       |     3 ||     3
       Petrifying        |       |       |       |       |     1 ||     1
  Eat: Chunk             |    15 |    10 |    39 |    62 |    98 ||   224
Armor: Robe              |    27 |    77 |   167 |       |       ||   271
       Troll leather arm |       |       |    22 |   257 |       ||   279
       Pearl dragon scal |       |       |       |   113 |    68 ||   181
       Shadow dragon sca |       |       |       |       |   716 ||   716
Dodge: Dodged            |    21 |   111 |   259 |   634 |  1490 ||  2515

Table legend:
 A = Non-vault XP
 B = Vault XP
 C = Vault XP percentage of total XP
 D = Non-vault monster count
 E = Vault monster count
 F = Vault count percentage of total count
                 A         B        C        D         E       F
            +---------+---------+-------+---------+---------+-------
      Total |   88718 |   57097 |  39.2 |     558 |     326 |  36.9
            +---------+---------+-------+---------+---------+-------
        D:1 |      24 |       0 |   0.0 |      12 |       0 |   0.0
        D:2 |     112 |      86 |  43.4 |      28 |       8 |  22.2
        D:3 |      97 |     594 |  86.0 |      20 |      64 |  76.2
        D:4 |     395 |     166 |  29.6 |       9 |       1 |  10.0
        D:5 |     794 |     651 |  45.1 |      28 |       7 |  20.0
        D:6 |     570 |      38 |   6.2 |      19 |       8 |  29.6
        D:7 |    1351 |     994 |  42.4 |      25 |       5 |  16.7
        D:8 |    1098 |     112 |   9.3 |      23 |       1 |   4.2
        D:9 |    1155 |    2446 |  67.9 |      21 |      30 |  58.8
       D:10 |    1824 |    4937 |  73.0 |       9 |      21 |  70.0
       D:11 |    5332 |    1112 |  17.3 |      51 |       4 |   7.3
       D:12 |    4495 |    1755 |  28.1 |      22 |      23 |  51.1
       D:13 |    8358 |       0 |   0.0 |      29 |       0 |   0.0
       D:14 |    4707 |    1712 |  26.7 |      21 |       3 |  12.5
     Lair:1 |    3572 |    3316 |  48.1 |      18 |      25 |  58.1
     Lair:2 |    3641 |       0 |   0.0 |      15 |       0 |   0.0
     Lair:3 |    9171 |    1210 |  11.7 |      28 |       4 |  12.5
     Lair:4 |    7138 |    4619 |  39.3 |      26 |      14 |  35.0
     Lair:5 |    2761 |    3354 |  54.8 |      12 |      13 |  52.0
     Lair:6 |   20970 |    8169 |  28.0 |      45 |      39 |  46.4
      Orc:1 |    6253 |       0 |   0.0 |      43 |       0 |   0.0
      Orc:2 |    4900 |   17280 |  77.9 |      54 |      38 |  41.3
      Sewer |       0 |     114 | 100.0 |       0 |       6 | 100.0
   Gauntlet |       0 |    4432 | 100.0 |       0 |      12 | 100.0
            +---------+---------+-------+---------+---------+-------
